 Dungeon Crawl Stone Soup version 0.19-a0-1933-g052ff51 (webtiles) character file.

7543 Shinigami the Unseen (level 10, -9/42 HPs)
             Began as a Spriggan Enchanter on Oct 26, 2016.
             Was a Priest of Hepliaklqana.
             Killed from afar by Zigma's ghost (26 damage)
             ... with a bolt of negative energy
             ... in a volcano.
             The game lasted 01:10:35 (10985 turns).

Shinigami the Unseen (Spriggan Enchanter)          Turns: 10985, Time: 01:10:35

Health: -9/42      AC:  7    Str:  4    XL:     10   Next: 96%
Magic:  19/23      EV: 18    Int: 18    God:    Hepliaklqana [***...]
Gold:   453        SH:  0    Dex: 22    Spells: 6 memorised, 11 levels left

rFire  . . .     SeeInvis +     B - +4 short sword
rCold  . . .     Gourm    .     e - +2 robe {MR+}
rNeg   . . .     Faith    .     (shield restricted)
rPois  .         Spirit   .     v - +2 hat
rElec  .         Reflect  .     p - +0 cloak
rCorr  .         Harm     .     (gloves unavailable)
MR     ++...                    (boots unavailable)
Stlth  ++++++....               (no amulet)
                                (no ring)
                                j - +3 ring of dexterity

@: drained, very quick
A: unfitting armour, reduced essence, see invisible, herbivore 3, speed 3, slow
metabolism 2
a: Recall Ancestor, Ancestor Identity, Transference, Renounce Religion


You were in a volcano.
You worshipped Hepliaklqana.
Hepliaklqana was most pleased with you.
You were not hungry.

You visited 3 branches of the dungeon, and saw 11 of its levels.
You also visited: Sewer, Ossuary and Volcano.

You collected 453 gold pieces.

Inventory:

Hand Weapons
 m - a +4 quarterstaff of chaos
 B - a +4 short sword (weapon)
 C - a +0 shortbow
Missiles
 f - 180 arrows
 r - 77 poisoned needles
 K - 6 tomahawks (quivered)
Armour
 e - a +2 robe of magic resistance (worn)
 p - a +0 cloak (worn)
 v - a +2 hat (worn)
Jewellery
 i - an uncursed ring of flight
 j - a +3 ring of dexterity (left hand)
 y - a +2 ring of intelligence
Wands
 l - a wand of random effects (11/48)
 s - a wand of flame (3/48)
 x - a wand of paralysis (16/24)
 D - a wand of flame (29/48)
Scrolls
 h - 6 scrolls of remove curse
 k - 6 scrolls of teleportation
 n - 2 scrolls of enchant armour
 o - 7 scrolls of identify
 q - a scroll of recharging
 A - 3 scrolls of blinking
Potions
 t - a potion of brilliance
 E - 5 potions of curing
 H - a potion of haste
 I - 2 potions of agility
Books
 c - a book of Maledictions

   Spells                             Type                      Level
   a - Corona                         Hexes                        1
   b - Ensorcelled Hibernation        Hexes/Ice                    2
   c - Confuse                        Hexes                        3
   d - Tukima's Dance                 Hexes                        3
   e - Dazzling Spray                 Conjuration/Hexes            3
 u - a book of Callings

   Spells                             Type                      Level
   a - Summon Small Mammal            Summoning                    1
   b - Call Imp                       Summoning                    2
   c - Call Canine Familiar           Summoning                    3
   d - Summon Guardian Golem          Hexes/Summoning              3
   e - Summon Lightning Spire         Summoning/Air                4
   f - Summon Ice Beast               Ice/Summoning                4
 F - a book of Death

   Spells                             Type                      Level
   a - Corpse Rot                     Necromancy                   2
   b - Sublimation of Blood           Necromancy                   2
   c - Agony                          Necromancy                   5
   d - Dispel Undead                  Necromancy                   5
   e - Excruciating Wounds            Charms/Necromancy            5
   f - Bolt of Draining               Conjuration/Necromancy       5
Comestibles
 d - 4 bread rations


   Skills:
 + Level 2.3(1.8) Fighting
 + Level 6.3(5.6) Short Blades
 + Level 4.8(4.2) Bows
 - Level 3.0(2.4) Dodging
 + Level 15.1(14.4) Stealth
 + Level 8.7(8.1) Spellcasting
 + Level 1.6(1.1) Conjurations
 + Level 7.9(7.3) Hexes
 + Level 1.2(0.6) Summonings
 + Level 4.3(3.7) Ice Magic
 + Level 1.8(1.2) Evocations


You had 11 spell levels left.
You knew the following spells:

 Your Spells              Type           Power        Failure   Level  Hunger
a - Corona                Hex            ####...      1%          1    None
b - Ensorcelled Hibernat  Hex/Ice        ####..       1%          2    None
c - Dazzling Spray        Conj/Hex       ###...       6%          3    #......
d - Tukima's Dance        Hex            ####....     1%          3    #......
e - Call Canine Familiar  Summ           #.......     24%         3    #......
f - Summon Guardian Gole  Hex/Summ       ###.....     6%          3    #......


Dungeon Overview and Level Annotations

Branches:
Dungeon (9/15)             Temple (1/1) D:4            Lair (1/6) D:8
    Orc: D:9-12

Altars:
Ashenzari
Cheibriados
Dithmenos
Elyvilon
Fedhas
Gozag
Hepliaklqana
Kikubaaqudgha
Makhleb
Nemelex Xobeh
Okawaru
Qazlal
Ru
Sif Muna
Trog
Uskayaw
Vehumet
Xom
Yredelemnul
Zin
The Shining One

Annotations:
Volcano Zigma's ghost, journeyman DrMo


Innate Abilities, Weirdness & Mutations

You are very small and have problems with some larger weapons.
You are too small for most types of armour.
You have supernaturally acute eyesight. (SInv)
You are a herbivore.
You cover ground extremely quickly.
You need consume almost no food.
Your life essence is reduced. (-10% HP)


Message History

Unknown command.
That item cannot be evoked!
Press: ? - help, v - describe, . - travel
Here: Tepiltzin the hexer, wielding a dagger of draining (sheltered from injuries, friendly)
The floor.
Tepiltzin hits Zigma's ghost but does no damage.
That item cannot be evoked!
Evoke which item? (* to show all) (? for menu, Esc to quit)
Zapping:
s - a wand of flame {zapped: 26} (will waste charges)
Press: ? - help, Shift-Dir - straight line, f/p - Zigma's ghost
Aim: Zigma's ghost (lightly damaged) Really fire in your ally Tepiltzin's direction?
The puff of flame misses Zigma's ghost.
The puff of flame misses Tepiltzin.
Evoking this partially-identified wand wasted a few charges.
Casting: Ensorcelled Hibernation
Confirm with . or Enter, or press ? or * to list all spells.
Zigma's ghost breathes negative energy at you.
The bolt of negative energy hits you!
You feel drained.
Ouch! That really hurt!
You die...

##R## ≈≈≈b§≈§§.
#.#.###
≈§§§≈≈≈..##.##..#
≈§§§§≈≈≈.##..∩##.#
§§§≈§≈≈≈.#∩..##..#
§§≈≈§§≈§≈.##..#.###
≈§≈§§≈≈≈≈..#.##.#
≈§§§§≈≈§§§.###h##
≈≈≈§§≈≈≈§..###@#
.§§§≈≈≈§§.8RW.##
..§§§≈≈≈...#####
..§§§§....##
....≈....##
#.......##
##.....## ##....
##.##


You could see the friendly Tepiltzin the hexer, Zigma's ghost, a friendly
guardian golem (inner flame) and a friendly hound.

Vanquished Creatures
  A hydra (Lair:1)
  Pikel (D:7)
  2 spiny frogs (Lair:1)
  Joseph (D:8)
  A hornet (D:8)
  A hippogriff (D:8)
  Grinder (D:5)
  6 fire bats
  A porcupine (Lair:1)
  Duvessa (D:5)
  An orc warrior (D:8)
  An ice beast (D:8)
  3 sky beasts
  2 black bears
  3 slaves (D:7)
  A wolf (D:8)
  5 ogres
  2 phantoms
  2 centaurs
  6 bullfrogs
  Dowan (D:5)
  2 scorpions
  3 wights (D:7)
  3 killer bees (D:8)
  2 electric eels (D:8)
  A howler monkey (D:7)
  3 crimson imps
  A lava snake (Volcano)
  A jelly (D:5)
  2 orc priests
  Crazy Yiuf (D:3)
  A bullfrog skeleton (D:7)
  3 hounds
  2 orc wizards (D:8)
  An iguana (D:8)
  2 worker ants (D:7)
  4 big kobold zombies (Ossuary)
  A hound skeleton (D:8)
  2 mummies
  6 gnolls
  2 river rats (D:5)
  8 adders
  A shadow imp (D:6)
  4 oozes (Sewer)
  4 adder zombies (Ossuary)
  An adder skeleton (D:4)
  9 worms
  A dart slug (D:2)
  3 leopard geckos
  17 orcs
  7 giant cockroaches
  2 gnoll zombies (Ossuary)
  11 goblins
  3 hobgoblins
  6 jackals
  7 kobolds
  5 quokkas
  6 ball pythons
  12 bats
  8 frilled lizards
  A goblin zombie (D:7)
  9 hobgoblin zombies
  A jackal skeleton (D:7)
  3 kobold zombies (Ossuary)
  7 orc zombies (Ossuary)
  3 rats
225 creatures vanquished.

Vanquished Creatures (collateral kills)
  A troll (D:8)
  An ice beast (D:5)
  A wolf (D:8)
  2 wights (D:7)
  An electric eel (D:8)
  A hound (D:8)
  A mummy (Ossuary)
  A worker ant zombie (D:8)
  A gnoll (D:5)
  5 adder zombies
  6 orcs
  A giant cockroach (D:6)
  A jackal (D:8)
  A frilled lizard (D:4)
  A kobold zombie (Ossuary)
  2 orc zombies (Ossuary)
27 creatures vanquished.

Vanquished Creatures (others)
  A hexer (D:8)
  3 ancestors
4 creatures vanquished.

Grand Total: 256 creatures vanquished

Notes
Turn   | Place    | Note
-------+----------+-------------------------------------------
     0 | D:1      | Shinigami the Spriggan Enchanter began the quest for the Orb.
     0 | D:1      | Reached XP level 1. HP: 9/9 MP: 5/5
   206 | D:1      | Reached skill level 5 in Stealth
   259 | D:1      | Reached XP level 2. HP: 11/13 MP: 6/6
  1167 | D:2      | Learned a level 2 spell: Ensorcelled Hibernation
  1257 | D:2      | Reached XP level 3. HP: 7/17 MP: 6/8
  1494 | D:2      | Found a glowing golden altar of the Shining One.
  2181 | D:3      | Learned a level 3 spell: Dazzling Spray
  2391 | D:4      | Reached XP level 4. HP: 21/21 MP: 6/9
  2671 | D:3      | Found a runed door.
  2675 | D:3      | Noticed Crazy Yiuf
  2680 | D:3      | Killed Crazy Yiuf
  2680 | D:3      | Reached skill level 6 in Stealth
  3051 | D:5      | Entered Level 5 of the Dungeon
  3171 | D:5      | Reached skill level 1 in Ice Magic
  3181 | D:5      | Noticed a phantom
  3183 | D:5      | Reached XP level 5. HP: 25/25 MP: 6/11
  3186 | D:5      | Found a glowing drain.
  3193 | Sewer    | Entered a sewer
  3375 | Sewer    | Reached skill level 7 in Stealth
  4151 | D:4      | Noticed a phantom
  4154 | D:4      | Killed a phantom
  4154 | D:4      | Reached XP level 6. HP: 19/29 MP: 5/13
  4492 | D:4      | Found a staircase to the Ecumenical Temple.
  4501 | Temple   | Entered the Ecumenical Temple
  4586 | Temple   | Became a worshipper of Hepliaklqana the Forgotten
  4844 | D:5      | Noticed Grinder
  4862 | D:5      | Reached skill level 8 in Stealth
  4876 | D:5      | Killed Grinder
  4876 | D:5      | Reached skill level 5 in Hexes
  4876 | D:5      | Reached XP level 7. HP: 28/28 MP: 9/15
  4952 | D:5      | Reached skill level 9 in Stealth
  5000 | D:5      | Noticed Duvessa
  5000 | D:5      | Noticed Dowan
  5273 | D:5      | Killed Duvessa
  5273 | D:5      | Reached skill level 5 in Spellcasting
  5279 | D:5      | Killed Dowan
  5824 | D:5      | Reached XP level 8. HP: 29/33 MP: 12/17
  6108 | D:5      | Reached skill level 1 in Bows
  6632 | D:6      | Reached skill level 10 in Stealth
  6778 | D:6      | Reached * piety under Hepliaklqana
  6885 | D:7      | Noticed Pikel
  7063 | D:6      | Learned a level 3 spell: Tukima's Dance
  7067 | D:6      | Learned a level 3 spell: Call Canine Familiar
  7271 | D:7      | Found a snail-covered altar of Cheibriados.
  7271 | D:7      | Found a radiant altar of Vehumet.
  7382 | D:7      | Found a sand-covered staircase.
  7387 | Ossuary  | Entered an ossuary
  8142 | Ossuary  | Reached skill level 1 in Conjurations
  8227 | D:8      | Reached skill level 11 in Stealth
  8227 | D:8      | Reached XP level 9. HP: 26/36 MP: 19/19
  8465 | D:7      | Killed Pikel
  8465 | D:7      | Reached skill level 1 in Fighting
  8465 | D:7      | Reached skill level 12 in Stealth
  8480 | D:7      | Found an opulent altar of Gozag.
  8796 | D:8      | Found a staircase to the Lair.
  8796 | D:8      | Noticed a troll
  8806 | D:8      | Reached skill level 13 in Stealth
  9037 | D:8      | Reached skill level 5 in Short Blades
  9224 | D:8      | Reached XP level 10. HP: 40/40 MP: 22/22
  9304 | D:8      | Noticed Joseph
  9318 | D:8      | Killed Joseph
  9429 | D:8      | Reached ** piety under Hepliaklqana
  9430 | D:8      | Remembered your ancestor Tepiltzin as a hexer
  9526 | D:8      | Reached skill level 1 in Summonings
 10288 | D:8      | Reached skill level 1 in Evocations
 10350 | Lair:1   | Entered Level 1 of the Lair of Beasts
 10350 | Lair:1   | Noticed a seven-headed hydra
 10354 | Lair:1   | Killed a seven-headed hydra
 10354 | Lair:1   | Reached skill level 14 in Stealth
 10474 | Lair:1   | Noticed a spiny frog
 10479 | Lair:1   | Killed a spiny frog
 10607 | Lair:1   | Reached *** piety under Hepliaklqana
 10681 | Lair:1   | Noticed a spiny frog
 10687 | Lair:1   | Killed a spiny frog
 10775 | Lair:1   | Found a dark tunnel.
 10778 | Lair:1   | Reached skill level 15 in Stealth
 10787 | Volcano  | Entered a volcano
 10947 | Volcano  | Noticed Zigma's ghost (journeyman DrMo)
 10955 | Volcano  | Learned a level 3 spell: Summon Guardian Golem
 10985 | Volcano  | Killed from afar by Zigma's ghost

Vault maps used:
D:1:      onia_arrival_pentagram
D:2:      lemuel_upstairs_altar
D:3:      first_bread, uniq_crazy_yiuf_cottage
D:5:      portal_sewer_entry_e, uniq_grinder, uniq_duvessa
D:7:      lemuel_coloured_pillars_altar, gammafunk_temple_overflow_wave,
          nicolae_ossuary_entry_giza, serial_corexii_hall,
          corexii_hall_statues_l, corexii_hall_statues_l, serial_park_tiny_pond,
          uniq_pikel
D:8:      erik_lair_island, uniq_joseph
Temple:   compressed_dpeg_circular_temple
Lair:1:   nicolae_volcano_entry_batcave, worms_lemuel
Sewer:    sewer_fruit_machine
Ossuary:  ossuary_tomb_2
Volcano:  volcano_grotto

Skill      XL: |  1  2  3  4  5  6  7  8  9 10 |
---------------+-------------------------------+-----
Stealth        | 5 6 7 8 9 11 13 15 | 15.1
Hexes          | 4 5 6 7 |  7.9
Short Blades   | 2 3 5 6 |  6.3
Spellcasting   | 3 4 5 6 7 8 |  8.7
Ice Magic      | 1 2 3 4 |  4.3
Bows           | 3 4 |  4.8
Conjurations   | 1 |  1.6
Fighting       | 1 2 |  2.3
Summonings     | 1 |  1.2
Evocations     | 1 |  1.8
Dodging        | |  3.0

Action                   |  1- 3 |  4- 6 |  7- 9 | 10-12 || total
-------------------------+-------+-------+-------+-------++-------
Melee: Dagger            |   178 |   263 |   446 |    72 ||   959
       Short sword       |       |       |       |    57 ||    57
 Fire: Hunting sling     |    12 |       |     3 |       ||    15
       Shortbow          |       |       |    41 |       ||    41
Throw: Throwing net      |       |       |     2 |       ||     2
       Tomahawk          |       |       |     1 |     3 ||     4
 Cast: Corona            |     5 |     4 |     3 |       ||    12
       Ensorcelled Hiber |     6 |    29 |    53 |    33 ||   121
       Dazzling Spray    |       |     3 |    37 |     5 ||    45
       Call Canine Famil |       |       |     3 |     5 ||     8
       Tukima's Dance    |       |       |     2 |       ||     2
       Summon Guardian G |       |       |       |     1 ||     1
Invok: Recall Ancestor   |       |     1 |    11 |     3 ||    15
       Ancestor Life: He |       |       |       |     1 ||     1
Evoke: Wand              |       |     4 |     1 |     8 ||    13
  Use: Scroll            |     8 |     4 |     6 |     4 ||    22
       Potion            |     4 |     1 |    10 |     5 ||    20
 Stab: Sleeping          |    15 |    30 |    48 |    21 ||   114
       Invisible         |       |       |     8 |     4 ||    12
       Distracted        |       |       |     6 |       ||     6
       Held in net/web   |       |       |     1 |       ||     1
  Eat: Pizza             |       |     2 |     1 |       ||     3
       Fruit             |       |     1 |     3 |       ||     4
       Bread ration      |       |       |     1 |       ||     1
Armor: Robe              |    23 |    39 |    69 |    19 ||   150
       Skin              |       |       |    31 |       ||    31
Dodge: Dodged            |   107 |   208 |   322 |   100 ||   737
